TOP OF THE 1ST |
Orlando Calrissian batting - Pitching for Springfield Stars : RHP Claudio Martínez
|
Pitching: RHP Claudio Martínez
|
|
Batting: RHB José Pérez
|
0-0: Ball 1-0: Reached on error, E4 (Groundball, 4)
|
Batting: LHB Santiago Márquez
|
0-0: Called Strike 0-1: Ball 1-1: Foul Ball, location: 2F 1-2: Ball 2-2: Ball 3-2: Foul Ball, location: 2F 3-2: Base on Balls José Pérez to second
|
Batting: RHB Rich Anderson
|
0-0: Foul Ball, location: 2F 0-1: Ball 1-1: Fly out, F5 (Line Drive, 5)
|
Batting: RHB Raúl Canó
|
0-0: Swinging Strike 0-1: Ball 1-1: Swinging Strike 1-2: Ball 2-2: Ball 3-2: Foul Ball, location: 2F 3-2: Base on Balls José Pérez to third Santiago Márquez to second
|
Batting: SHB Tim Abbott
|
0-0: DOUBLE (Line Drive, 78XD) José Pérez scores Santiago Márquez scores Raúl Canó to third
|
Batting: RHB Frederico Hernández
|
0-0: Ground out 5-3 (Groundball, 5)
|
Batting: RHB Júlio Negrón
|
0-0: Ball 1-0: Ball 2-0: Foul Ball, location: 2F 2-1: Ball 3-1: Foul Ball, location: 2F 3-2: Strikes out swinging
|
Top of the 1st over - 2 run(s), 1 hit(s), 1 error(s), 2 left on base; Orlando 2 - Springfield 0 |
BOTTOM OF THE 1ST |
Springfield Stars batting - Pitching for Orlando Calrissian : RHP Reagan Wear
|
Pitching: RHP Reagan Wear
|
|
Batting: SHB Shane Hutchinson
|
0-0: Fly out, F9 (Line Drive, 89D)
|
Batting: RHB Calvin Bennett
|
0-0: Ball 1-0: Ball 2-0: Ball 3-0: Foul Ball, location: 2F 3-1: Base on Balls
|
Batting: RHB Norberto Taváres
|
0-0: Ball 1-0: Called Strike 1-1: Ball 2-1: Foul Ball, location: 2F 2-2: Strikes out swinging
|
Batting: LHB Felipe Guerrero
|
0-0: Ball 1-0: Ball 2-0: Ball Wild Pitch! Calvin Bennett to second 3-0: Base on Balls
|
Batting: LHB Elliott Newell
|
0-0: Called Strike 0-1: Ball 1-1: Swinging Strike 1-2: Foul Ball, location: 2F 1-2: Ball 2-2: Strikes out swinging
|
Bottom of the 1st over - 0 run(s), 0 hit(s), 0 error(s), 2 left on base; Orlando 2 - Springfield 0 |
TOP OF THE 2ND |
Orlando Calrissian batting - Pitching for Springfield Stars : RHP Claudio Martínez
|
Batting: RHB Jesús Gonzáles
|
0-0: Called Strike 0-1: Fly out, F6 (Line Drive, 6)
|
Batting: SHB Brian Price
|
0-0: Foul Ball, location: 2F 0-1: Ground out 5-3 (Groundball, 56)
|
Batting: RHB José Pérez
|
0-0: Ball 1-0: Called Strike 1-1: Swinging Strike 1-2: Strikes out looking
|
Top of the 2nd over - 0 run(s), 0 hit(s), 0 error(s), 0 left on base; Orlando 2 - Springfield 0 |
BOTTOM OF THE 2ND |
Springfield Stars batting - Pitching for Orlando Calrissian : RHP Reagan Wear
|
Batting: LHB Jesús Tobías
|
0-0: Fly out, F3 (Line Drive, 3)
|
Batting: RHB Juan Rodríguez
|
0-0: Called Strike 0-1: Ball 1-1: Ball 2-1: Ground out 5-3 (Groundball, 56S)
|
Batting: RHB Juan Carlos Rodríguez
|
0-0: Foul Ball, location: 2F 0-1: Ball 1-1: Foul Ball, location: 2F 1-2: Ball 2-2: Fly out, F6 (Line Drive, 6)
|
Bottom of the 2nd over - 0 run(s), 0 hit(s), 0 error(s), 0 left on base; Orlando 2 - Springfield 0 |
TOP OF THE 3RD |
Orlando Calrissian batting - Pitching for Springfield Stars : RHP Claudio Martínez
|
Batting: LHB Santiago Márquez
|
0-0: Ball 1-0: Ball 2-0: Ball 3-0: Base on Balls
|
Batting: RHB Rich Anderson
|
0-0: Ball 1-0: Called Strike 1-1: Grounds into double play, 1-6-3 (Groundball, 13)
|
Batting: RHB Raúl Canó
|
0-0: Foul Ball, location: 2F 0-1: Foul Ball, location: 2F 0-2: Ball 1-2: Ball 2-2: Fly out, F9 (Flyball, 9D)
|
Top of the 3rd over - 0 run(s), 0 hit(s), 0 error(s), 0 left on base; Orlando 2 - Springfield 0 |
BOTTOM OF THE 3RD |
Springfield Stars batting - Pitching for Orlando Calrissian : RHP Reagan Wear
|
Batting: RHB Will Sterling
|
0-0: Called Strike 0-1: Ball 1-1: Called Strike 1-2: SINGLE (Groundball, 6MD)
|
Batting: SHB Shane Hutchinson
|
0-0: Called Strike 0-1: Called Strike 0-2: Ball 1-2: Ball 2-2: Ball 3-2: Foul Ball, location: 2F 3-2: Foul Ball, location: 2F 3-2: Fly out, F9 (Flyball, 89M)
|
Batting: RHB Calvin Bennett
|
0-0: Fly out, F3 (Popup, 34S)
|
Batting: RHB Norberto Taváres
|
0-0: Swinging Strike 0-1: Foul Ball, location: 2F 0-2: Foul Ball, location: 2F 0-2: Foul Ball, location: 2F 0-2: Ball 1-2: Foul Ball, location: 2F 1-2: Ball 2-2: Foul Ball, location: 2F 2-2: Ball 3-2: Ground out 5-3 (Groundball, 5)
|
Bottom of the 3rd over - 0 run(s), 1 hit(s), 0 error(s), 1 left on base; Orlando 2 - Springfield 0 |
TOP OF THE 4TH |
Orlando Calrissian batting - Pitching for Springfield Stars : RHP Claudio Martínez
|
Batting: SHB Tim Abbott
|
0-0: Ball 1-0: SOLO HOME RUN (Flyball, 89XD), Distance : 415 ft
|
Batting: RHB Frederico Hernández
|
0-0: Ball 1-0: Ball 2-0: Ball 3-0: Base on Balls
|
Batting: RHB Júlio Negrón
|
0-0: Called Strike 0-1: Ball 1-1: Ball 2-1: Foul Ball, location: 2F 2-2: Fielders Choice at 2nd, 1-6 (Groundball, 13S)
|
Batting: RHB Jesús Gonzáles
|
0-0: Ball 1-0: Foul Ball, location: 2F 1-1: Ball 2-1: Ball 3-1: Foul Ball, location: 2F 3-2: Fly out, F8 (Flyball, 89S)
|
Batting: SHB Brian Price
|
0-0: Swinging Strike 0-1: Ball 1-1: Ball 2-1: Fly out, F8 (Flyball, 8LM)
|
Top of the 4th over - 1 run(s), 1 hit(s), 0 error(s), 1 left on base; Orlando 3 - Springfield 0 |
BOTTOM OF THE 4TH |
Springfield Stars batting - Pitching for Orlando Calrissian : RHP Reagan Wear
|
Batting: LHB Felipe Guerrero
|
0-0: Ball 1-0: Fly out, F8 (Flyball, 8LS)
|
Batting: LHB Elliott Newell
|
0-0: Ball 1-0: DOUBLE (Line Drive, 9LM)
|
Batting: LHB Jesús Tobías
|
0-0: Called Strike 0-1: SINGLE (Flyball, 9LS) Elliott Newell to third
|
Batting: RHB Juan Rodríguez
|
0-0: Ball 1-0: Grounds into double play, 6-4-3 (Groundball, 6)
|
Bottom of the 4th over - 0 run(s), 2 hit(s), 0 error(s), 1 left on base; Orlando 3 - Springfield 0 |
TOP OF THE 5TH |
Orlando Calrissian batting - Pitching for Springfield Stars : RHP Claudio Martínez
|
Batting: RHB José Pérez
|
0-0: Ball 1-0: Called Strike 1-1: Ball 2-1: Ball 3-1: Base on Balls
|
Batting: LHB Santiago Márquez
|
0-0: Ball 1-0: Ball 2-0: Ball 3-0: Called Strike 3-1: Foul Ball, location: 2F 3-2: Ground out 4-3 (Groundball, 4) José Pérez to second
|
Batting: RHB Rich Anderson
|
0-0: Ball José Pérez steals 3rd base 1-0: Fly out, F7 (Flyball, 7D) Runner from 3rd tags up, SCORES, no throw
|
Batting: RHB Raúl Canó
|
0-0: Ball 1-0: Called Strike 1-1: Ball 2-1: Foul Ball, location: 2F 2-2: Foul Ball, location: 2F 2-2: Foul Ball, location: 2F 2-2: Foul Ball, location: 2F 2-2: DOUBLE (Line Drive, 78XD)
|
Batting: SHB Tim Abbott
|
0-0: Ball 1-0: Reached on error, E4 (Groundball, 4) Raúl Canó scores
|
Batting: RHB Frederico Hernández
|
0-0: Fly out, F7 (Flyball, 7)
|
Top of the 5th over - 2 run(s), 1 hit(s), 1 error(s), 1 left on base; Orlando 5 - Springfield 0 |
BOTTOM OF THE 5TH |
Springfield Stars batting - Pitching for Orlando Calrissian : RHP Reagan Wear
|
Batting: RHB Juan Carlos Rodríguez
|
0-0: Foul Ball, location: 2F 0-1: Foul Ball, location: 2F 0-2: Strikes out swinging
|
Batting: RHB Will Sterling
|
0-0: Ground out 6-3 (Groundball, 6)
|
Batting: SHB Shane Hutchinson
|
0-0: Ball 1-0: Called Strike 1-1: SINGLE (Groundball, 6MD)
|
Batting: RHB Calvin Bennett
|
0-0: DOUBLE (Line Drive, 9LM) Shane Hutchinson to third Runner from 3rd tries for Home, SAFE, no throw
|
Batting: RHB Norberto Taváres
|
0-0: Ball 1-0: Swinging Strike 1-1: Ball 2-1: Ball 3-1: Base on Balls
|
Batting: LHB Felipe Guerrero
|
0-0: 3-RUN HOME RUN (Flyball, 89XD), Distance : 413 ft
|
Batting: LHB Elliott Newell
|
0-0: Ball 1-0: Foul Ball, location: 2F 1-1: Foul Ball, location: 2F 1-2: Ball 2-2: Ball 3-2: SINGLE (Flyball, 8LS)
|
Batting: LHB Jesús Tobías
|
0-0: Called Strike 0-1: Hit by Pitch Elliott Newell to second
|
Batting: RHB Juan Rodríguez
|
0-0: Fielders Choice at 2nd, 6-4 (Groundball, 56)
|
Bottom of the 5th over - 4 run(s), 4 hit(s), 0 error(s), 1 left on base; Orlando 5 - Springfield 4 |
TOP OF THE 6TH |
Orlando Calrissian batting - Pitching for Springfield Stars : RHP Claudio Martínez
|
Batting: RHB Júlio Negrón
|
0-0: Called Strike 0-1: Ball 1-1: Called Strike 1-2: Fly out, F8 (Flyball, 8RS)
|
Batting: RHB Jesús Gonzáles
|
0-0: Ball 1-0: Called Strike 1-1: SINGLE (Groundball, 3D)
|
Pitching: RHP Luis Cortéz
|
|
Batting: SHB Brian Price
|
0-0: Ball 1-0: DOUBLE (Flyball, 78D) Jesús Gonzáles to third
|
Batting: RHB José Pérez
|
0-0: Ball 1-0: Ball 2-0: Foul Ball, location: 2F 2-1: SINGLE (Groundball, 34D) Jesús Gonzáles scores Brian Price to third Runner from 3rd tries for Home, SAFE, throw made home José Pérez to second
|
Batting: LHB Santiago Márquez
|
0-0: Ball Wild Pitch! José Pérez to third 1-0: SINGLE (Flyball, 8LS) José Pérez scores
|
Batting: RHB Rich Anderson
|
0-0: Swinging Strike 0-1: Fly out, F6 (Line Drive, 56)
|
Batting: RHB Raúl Canó
|
0-0: Ball 1-0: Foul Ball, location: 2F 1-1: Foul Ball, location: 2F 1-2: Foul Ball, location: 2F 1-2: Strikes out swinging
|
Top of the 6th over - 3 run(s), 4 hit(s), 0 error(s), 1 left on base; Orlando 8 - Springfield 4 |
BOTTOM OF THE 6TH |
Springfield Stars batting - Pitching for Orlando Calrissian : RHP Reagan Wear
|
Batting: RHB Juan Carlos Rodríguez
|
0-0: Swinging Strike 0-1: Called Strike 0-2: Ball 1-2: DOUBLE (Line Drive, 7LD)
|
Batting: RHB Will Sterling
|
0-0: Ball 1-0: Called Strike 1-1: Swinging Strike 1-2: Strikes out swinging
|
Batting: SHB Shane Hutchinson
|
0-0: Ball
|
|
|
|
1-0: Ball 2-0: Called Strike 2-1: Foul Ball, location: 2F 2-2: Ball 3-2: Foul Ball, location: 2F 3-2: Base on Balls
|
Pitching: RHP Jorge Jiménez
|
|
Batting: RHB Calvin Bennett
|
0-0: Ball 1-0: Foul Ball, location: 2F 1-1: Called Strike 1-2: Ground out 5-3 (Groundball, 56S) Juan Carlos Rodríguez to third Shane Hutchinson to second
|
Batting: RHB Norberto Taváres
|
0-0: Foul Ball, location: 2F 0-1: Ball 1-1: Swinging Strike 1-2: Ball 2-2: DOUBLE (Popup, 6D) Juan Carlos Rodríguez scores Shane Hutchinson scores
|
Pitching: LHP Pepe Caro
|
|
Batting: LHB Felipe Guerrero
|
0-0: Ball 1-0: Called Strike 1-1: Ball 2-1: Reached on error, E4 (Groundball, 4) Norberto Taváres scores
|
Batting: LHB Elliott Newell
|
0-0: Ball 1-0: Ball 2-0: Ball 3-0: Swinging Strike 3-1: Base on Balls
|
Batting: LHB Jesús Tobías
|
0-0: Fielders Choice at 2nd, 4-6 (Groundball, 4)
|
Bottom of the 6th over - 3 run(s), 2 hit(s), 1 error(s), 1 left on base; Orlando 8 - Springfield 7 |
TOP OF THE 7TH |
Orlando Calrissian batting - Pitching for Springfield Stars : RHP Luis Cortéz
|
Batting: SHB Tim Abbott
|
0-0: Called Strike 0-1: Fly out, F7 (Flyball, 7LSF)
|
Batting: RHB Frederico Hernández
|
0-0: Foul Ball, location: 2F 0-1: Ball 1-1: Called Strike 1-2: Ball 2-2: Ball 3-2: SINGLE (Groundball, 6MD)
|
Pitching: LHP Shan Liu
|
|
Pinch Hitting: SHB Cristo Ontiveros
|
0-0: Ball 1-0: Foul Ball, location: 2F 1-1: Foul Ball, location: 2F 1-2: Foul Ball, location: 2F 1-2: Ball 2-2: Foul Ball, location: 2F 2-2: Ground out 5-3 (Groundball, 5) Frederico Hernández to second
|
Batting: RHB Jesús Gonzáles
|
0-0: Called Strike 0-1: Swinging Strike 0-2: Ball 1-2: Ball 2-2: Strikes out swinging
|
Top of the 7th over - 0 run(s), 1 hit(s), 0 error(s), 1 left on base; Orlando 8 - Springfield 7 |
BOTTOM OF THE 7TH |
Springfield Stars batting - Pitching for Orlando Calrissian : LHP Pepe Caro
|
Now at 2B: Jaime Montés
|
|
Batting: RHB Juan Rodríguez
|
0-0: Ground out 5-3 (Groundball, 5)
|
Batting: RHB Juan Carlos Rodríguez
|
0-0: Ball 1-0: Ball 2-0: Ball 3-0: Foul Ball, location: 2F 3-1: SOLO HOME RUN (Flyball, 78D), Distance : 440 ft
|
Batting: RHB Will Sterling
|
0-0: Foul Ball, location: 2F 0-1: Ball 1-1: Ball 2-1: Ball 3-1: Foul Ball, location: 2F 3-2: Ground out 5-3 (Groundball, 56)
|
Batting: SHB Shane Hutchinson
|
0-0: Ball 1-0: Ball 2-0: DOUBLE (Line Drive, 78D)
|
Batting: RHB Calvin Bennett
|
0-0: Ball 1-0: Ball 2-0: Called Strike 2-1: Foul Ball, location: 2F 2-2: Ground out 4-3 (Groundball, 4D)
|
Bottom of the 7th over - 1 run(s), 2 hit(s), 0 error(s), 1 left on base; Orlando 8 - Springfield 8 |
TOP OF THE 8TH |
Orlando Calrissian batting - Pitching for Springfield Stars : LHP Shan Liu
|
Pitching: LHP John Livingston
|
|
Batting: SHB Brian Price
|
0-0: Ball 1-0: Ball Error on foul ball, E2 2-1: Ground out 6-3 (Groundball, 6)
|
Batting: RHB José Pérez
|
0-0: Ball 1-0: Swinging Strike 1-1: Reached on error, E5 (Groundball, 5S)
|
Batting: LHB Santiago Márquez
|
0-0: Called Strike José Pérez is caught stealing 2nd base 0-1: Foul Ball, location: 2F 0-2: Ball 1-2: Ball 2-2: Strikes out swinging
|
Top of the 8th over - 0 run(s), 0 hit(s), 2 error(s), 0 left on base; Orlando 8 - Springfield 8 |
BOTTOM OF THE 8TH |
Springfield Stars batting - Pitching for Orlando Calrissian : LHP Pepe Caro
|
Batting: RHB Norberto Taváres
|
0-0: Foul Ball, location: 2F 0-1: Foul Ball, location: 2F 0-2: Ball 1-2: Foul Ball, location: 2F 1-2: Foul Ball, location: 2F 1-2: Ball 2-2: Foul Ball, location: 2F 2-2: Ball 3-2: Fly out, F7 (Flyball, 7)
|
Batting: LHB Felipe Guerrero
|
0-0: Ball 1-0: Fly out, F8 (Flyball, 8LM)
|
Batting: LHB Elliott Newell
|
0-0: Ball 1-0: Foul Ball, location: 2F 1-1: Ball 2-1: Foul Ball, location: 2F 2-2: Ball 3-2: Base on Balls
|
Batting: LHB Jesús Tobías
|
0-0: Ball 1-0: Ball 2-0: Fly out, F6 (Popup, 6M)
|
Bottom of the 8th over - 0 run(s), 0 hit(s), 0 error(s), 1 left on base; Orlando 8 - Springfield 8 |
TOP OF THE 9TH |
Orlando Calrissian batting - Pitching for Springfield Stars : LHP John Livingston
|
Pitching: RHP José Valdéz
|
|
Batting: RHB Rich Anderson
|
0-0: Foul Ball, location: 2F 0-1: Ball 1-1: Foul Ball, location: 2F 1-2: Ball 2-2: Strikes out swinging
|
Batting: RHB Raúl Canó
|
0-0: SINGLE (Line Drive, 6M)
|
Batting: SHB Tim Abbott
|
0-0: Ball 1-0: SINGLE (Groundball, 34D) Raúl Canó to second Runner from 2nd tries for 3rd, SAFE, no throw
|
Batting: RHB Frederico Hernández
|
0-0: Bunted foul 0-1: Foul Ball, location: 2F 0-2: Ball 1-2: SINGLE (Flyball, 9LS) Raúl Canó scores Tim Abbott to second Runner from 2nd tries for 3rd, SAFE, throw made to third
|
Pinch Hitting: LHB Juan Colón
|
0-0: Ball 1-0: Called Strike 1-1: Swinging Strike 1-2: Foul Ball, location: 2F 1-2: Ball 2-2: Foul Ball, location: 2F 2-2: Strikes out swinging
|
Pinch Hitting: LHB Danny Allen
|
0-0: Foul Ball, location: 2F 0-1: Swinging Strike 0-2: Strikes out swinging
|
Top of the 9th over - 1 run(s), 3 hit(s), 0 error(s), 2 left on base; Orlando 9 - Springfield 8 |
BOTTOM OF THE 9TH |
Springfield Stars batting - Pitching for Orlando Calrissian : LHP Pepe Caro
|
Pitching: LHP Xavier Velázquez
|
|
Now at 1B: Danny Allen
|
|
Now at 2B: Enrique Bermúdez
|
|
Batting: RHB Juan Rodríguez
|
0-0: Called Strike 0-1: Fly out, F8 (Flyball, 8LXD)
|
Batting: RHB Juan Carlos Rodríguez
|
0-0: Ball 1-0: Ground out 1-3 (Groundball, 15)
|
Batting: RHB Will Sterling
|
0-0: Called Strike 0-1: Fly out, F4 (Flyball, 4D)
|
Bottom of the 9th over - 0 run(s), 0 hit(s), 0 error(s), 0 left on base; Orlando 9 - Springfield 8 |
|
Tuesday, August 8th, 2017 - OOTP Baseball 17.12 Build 75
|
|